General information
- name: BNet
- type: Ladder team game (AT/RT)
- host: Battle.net
- saver: AlcoholicPeons
map: Cherryville
- players: 8
- length: 03:44
- speed: Fast
- version: 1.28 W3XP
- replay type: Public
» download(28 KB)
Players
team 1 (winner)

»
KnightsofRen (
teal | 56 APM | 211 actions | 03:44)
1 Demon Hunter
1 Mana Burn
» actions
| Assign group hotkey | 7 | |
| Basic commands | 14 | |
| Build / train | 21 | |
| ESC pressed | 1 | |
| Enter build submenu | 7 | |
| Enter hero's abilities submenu | 1 | |
| Right click | 80 | |
| Select / deselect | 43 | |
| Select group hotkey | 27 | |
| Use ability | 10 | |
211 total
» units
» buildings
| Altar of Elders | 1 | |
| Moon Well | 4 | |
| Ancient of War | 1 | |
| Tree of Ages | 2 | |
8 total
» build order
00:20 Altar of Elders
00:22 Moon Well
00:33 Ancient of War
01:32 Moon Well
01:55 Moon Well
02:54 Tree of Ages
02:54 Tree of Ages
03:43 Moon Well

»
LBSVag (
purple | 62 APM | 230 actions | 03:44)
1 Death Knight
1 Death Coil
» actions
| Assign group hotkey | 3 | |
| Build / train | 17 | |
| ESC pressed | 1 | |
| Enter build submenu | 9 | |
| Enter hero's abilities submenu | 1 | |
| Right click | 63 | |
| Select / deselect | 113 | |
| Select group hotkey | 15 | |
| Use ability | 8 | |
230 total
» units
» upgrades
| Cannibalize | 1 | |
| Unholy Strength | 1 | |
2 total
» buildings
| Altar of Darkness | 1 | |
| Ziggurat | 3 | |
| Crypt | 1 | |
| Tomb of Relics | 1 | |
| Graveyard | 1 | |
7 total
» build order
00:10 Altar of Darkness
00:11 Ziggurat
00:33 Crypt
00:54 Tomb of Relics
01:30 Graveyard
02:07 Ziggurat
02:49 Ziggurat
» items
FastQueGoGo (
red | 49 APM | 182 actions | 03:44)
1 Archmage
1 Blizzard
» actions
| Assign group hotkey | 9 | |
| Build / train | 27 | |
| Enter build submenu | 8 | |
| Enter hero's abilities submenu | 1 | |
| Right click | 63 | |
| Select / deselect | 50 | |
| Select group hotkey | 5 | |
| Use ability | 19 | |
182 total
» units
» buildings
| Altar of Kings | 1 | |
| Arcane Vault | 2 | |
| Farm | 4 | |
| Scout Tower | 1 | |
| Arcane Tower | 1 | |
9 total
» build order
00:08 Altar of Kings
00:37 Arcane Vault
00:39 Farm
01:07 Arcane Vault
01:17 Farm
01:55 Scout Tower
02:01 Farm
02:48 Farm
02:50 Arcane Tower
» items
| Mechanical Critter | 6 | |
| Scroll of Regeneration | 2 | |
| Lesser Clarity Potion | 1 | |
9 total
PaddyTron78 (
blue | 31 APM | 117 actions | 03:44)
1 Paladin
1 Holy Light
» actions
| Build / train | 16 | |
| Enter build submenu | 10 | |
| Enter hero's abilities submenu | 1 | |
| Right click | 12 | |
| Select / deselect | 68 | |
| Use ability | 10 | |
117 total
» units
» buildings
| Altar of Kings | 1 | |
| Barracks | 2 | |
| Farm | 5 | |
| Lumber Mill | 1 | |
| Blacksmith | 1 | |
10 total
» build order
00:23 Altar of Kings
00:38 Barracks
00:54 Farm
01:33 Farm
01:48 Lumber Mill
02:00 Barracks
02:15 Farm
02:51 Farm
03:05 Blacksmith
03:33 Farm
team 2 (loser)

»
Shmanka (
orange | 42 APM | 99 actions | 02:22)
1 Archmage
1 Summon Water Elemental
» actions
| Build / train | 10 | |
| Enter build submenu | 6 | |
| Enter hero's abilities submenu | 1 | |
| Remove unit from queue | 1 | |
| Right click | 38 | |
| Select / deselect | 38 | |
| Use ability | 5 | |
99 total
» units
» buildings
| Altar of Kings | 1 | |
| Farm | 3 | |
| Barracks | 1 | |
5 total
» build order
00:07 Altar of Kings
00:09 Farm
00:20 Barracks
00:27 Farm
01:45 Farm
GoSu- (
yellow | 16 APM | 35 actions | 02:08)
» actions
| Build / train | 3 | |
| Enter build submenu | 5 | |
| Right click | 10 | |
| Select / deselect | 12 | |
| Use ability | 5 | |
35 total
» units
» buildings
| Graveyard | 1 | |
| Crypt | 1 | |
| Altar of Darkness | 1 | |
| Ziggurat | 2 | |
5 total
» build order
00:20 Graveyard
00:24 Crypt
00:52 Altar of Darkness
01:06 Ziggurat
01:35 Ziggurat
check_mate (
pink | 78 APM | 178 actions | 02:16)
» actions
| Build / train | 13 | |
| Enter build submenu | 5 | |
| Remove unit from queue | 2 | |
| Right click | 102 | |
| Select / deselect | 49 | |
| Use ability | 7 | |
178 total
» units
» buildings
| Altar of Elders | 1 | |
| Moon Well | 2 | |
| Ancient of War | 1 | |
| Ancient of Wonders | 1 | |
5 total
» build order
00:07 Altar of Elders
00:19 Moon Well
01:08 Ancient of War
01:38 Moon Well
01:51 Ancient of Wonders
AlcoholicPeons (
green | 13 APM | 47 actions | 03:44)
» actions
| Right click | 37 | |
| Select / deselect | 9 | |
| Use ability | 1 | |
47 total
Chat log
(00:44 / Allies) check_mate: hi
(00:54 / Allies) Shmanka: well they are alcoholics
(00:58 / Allies) Shmanka: but i dunno where the bar is
(01:12 / All) GoSu-: every fucking game
(01:27 / All) FastQueGoGo: whats that
(01:35 / All) Shmanka: you gotta admit, the balls to troll based on how old this game is, is pretty staggering
(01:57 / All) LBSVag: did he waste the name alcoholic peons? cuz that name is way too good
(02:03 / All) LBSVag: for it to be for a fucking troll
(02:10 / All) Shmanka: Oh yeah, all 5 peons are at the Tavern right now talking in a circle
(02:20 / All) Shmanka: gg
(02:21 / All) Shmanka: lol